 Dungeon Crawl Stone Soup version 0.31.0-11-ge490571c62 (webtiles) character file.

Game seed: 8403225788497315358

86 cdecastro the Firebug (level 4, -2/24 HPs)
             Began as a Deep Elf Fire Elementalist on Feb 6, 2024.
             Slain by Sigmund
             ... wielding a +1 scythe of flaming
              (4 damage)
             ... on level 2 of the Dungeon.
             The game lasted 00:03:31 (2258 turns).

cdecastro the Firebug (Deep Elf Fire Elementalist)  Turns: 2258, Time: 00:03:31

Health: -2/24      AC:  2    Str:  5    XL:     4   Next: 26%
Magic:  2/10       EV: 12    Int: 22    God:
Gold:   42         SH:  0    Dex: 15    Spells: 8/9 levels left

rFire   . . .        (no weapon)
rCold   . . .        (no shield)
rNeg    . . .        a - +0 robe
rPois   .            (no helmet)
rElec   .            (no cloak)
rCorr   .            (no gloves)
SInv    .            (no boots)
Will    .....        (no amulet)
Stlth   ++           k - +4 ring of slaying
HPRegen 0.24/turn    (no ring)
MPRegen 0.12/turn

%: no passive effects
@: no status effects
A: no striking features
a: no special abilities


You were on level 2 of the Dungeon.
You visited 1 branch of the dungeon, and saw 2 of its levels.

You collected 42 gold pieces.

Inventory:

Armour
 a - a +0 robe (worn)
 f - a +0 helmet
 o - a +0 helmet
Jewellery
 k - a +4 ring of slaying (left hand)
Scrolls
 c - 3 scrolls of teleportation {unknown}
 e - a scroll of enchant armour {unknown}
 g - a scroll of fear {unknown}
 h - a scroll of identify {unknown}
 l - a scroll of poison {unknown}
 n - a scroll of brand weapon {unknown}
 p - a scroll of vulnerability {unknown}
 q - a scroll of enchant weapon {unknown}
Potions
 b - a potion of magic
 d - a potion of heal wounds {unknown}
 i - 3 potions of lignification {unknown}
 j - a potion of enlightenment {unknown}
 m - 2 potions of berserk rage {unknown}


   Skills:
 - Level 2.4 Dodging
 - Level 2.4 Stealth
 - Level 3.0 Spellcasting
 - Level 1.1 Conjurations
 + Level 5.6 Fire Magic


You had 8 spell levels left.
You knew the following spells:

 Your Spells              Type           Power      Damage    Failure   Level
a - Foxfire               Conj/Fire      72%        2x1d7     3%          1

Your spell library contained the following spells:

 Spells                   Type           Power      Damage    Failure   Level
 Scorch                   Fire           56%        2d7       1%          2
 Inner Flame              Hex/Fire       15%        N/A       12%         3
 Volatile Blastmotes      Fire/Tloc      30%        2d12      12%         3
 Dazzling Flash           Conj/Hex       10%        N/A       30%         3
 Flame Wave               Conj/Fire      18%        2d7       30%         4
 Mephitic Cloud           Conj/Alch/Air  4%         N/A       32%         3
 Curse of Agony           Necr           3%         N/A       98%         5
 Silence                  Hex/Air        1%         N/A       98%         5


Dungeon Overview and Level Annotations

Branches:
Dungeon (2/15)

Altars:

Annotations:
D:2 Sigmund


Message History

Sigmund flickers and vanishes!
Deactivating autopickup; reactivate with Ctrl-A.
Casting: Foxfire (safe; 3% risk of failure)
Confirm with . or Enter, or press ? or * to list all spells.
You conjure some foxfire!
The foxfire hits something. x2
Unknown command.
Casting: Foxfire (safe; 3% risk of failure)
Confirm with . or Enter, or press ? or * to list all spells.
You conjure some foxfire!
The foxfire hits something. x2
Unknown command.
Casting: Foxfire (safe; 3% risk of failure)
Confirm with . or Enter, or press ? or * to list all spells.
You conjure some foxfire!
The foxfire hits something but does no damage.
The foxfire hits something.
Something hits you. Something burns you.
Unknown command.
Casting: Foxfire (safe; 3% risk of failure)
Confirm with . or Enter, or press ? or * to list all spells.
You conjure some foxfire!
The foxfire hits something but does no damage. x2
Something hits you. Something burns you.
* * * LOW HITPOINT WARNING * * *
Unknown command.
Casting: Foxfire (safe; 3% risk of failure)
Confirm with . or Enter, or press ? or * to list all spells.
You conjure some foxfire!
The foxfire hits something.
The foxfire hits something but does no damage.
Unknown command.
Casting: Foxfire (safe; 3% risk of failure)
Confirm with . or Enter, or press ? or * to list all spells.
You conjure some foxfire!
The foxfire hits something but does no damage.
The foxfire hits something.
Something hits you!
* * * LOW HITPOINT WARNING * * *
Something burns you.
* * * LOW HITPOINT WARNING * * *
Casting: Foxfire (safe; 3% risk of failure)
Confirm with . or Enter, or press ? or * to list all spells.
You conjure some foxfire!
The foxfire hits something. x2; Something hits you.
You die...

## #. #. #.
##+###### #.
#.......# #.
#.......# #####.
#vv.....## #.....
#@§§...... #.....
##§###... #.....
#.# ####### #.#
#......
#.#########......
#.#......##......
#.#......##......
#........''......
###......##....).


There were no monsters in sight!

Vanquished Creatures
  3 adders (D:2)
  A ribbon worm (D:2)
  2 dart slugs (D:1)
  3 ball pythons (D:1)
  7 bats
  6 endoplasms
  5 giant cockroaches
  3 goblins (D:1)
  3 hobgoblins (D:1)
  7 kobolds
  4 quokkas
  2 frilled lizards (D:1)
  2 rats
48 creatures vanquished.

Vanquished Creatures (others)
  244 foxfires
244 creatures vanquished.

Grand Total: 292 creatures vanquished

Notes
Turn   | Place    | Note
-------+----------+-------------------------------------------
     0 | D:1      | cdecastro the Deep Elf Fire Elementalist began the quest
                  | for the Orb.
     0 | D:1      | Reached XP level 1. HP: 10/10 MP: 6/6
   237 | D:1      | Reached XP level 2. HP: 15/15 MP: 2/8
   298 | D:1      | Reached skill level 4 in Fire Magic
  1014 | D:1      | Reached XP level 3. HP: 19/19 MP: 6/9
  1275 | D:1      | Found a faded altar of an unknown god.
  1505 | D:2      | Reached skill level 5 in Fire Magic
  1789 | D:2      | Reached XP level 4. HP: 24/24 MP: 5/10
  2247 | D:2      | Noticed Sigmund
  2257 | D:2      | HP: 1/24 [something (1)]
  2258 | D:2      | Slain by Sigmund

Illustrated notes

Levels and vault maps discovered:
D:1:      shiori_arrival_elements, layout_basic,
          dreamdust_ecumenical_altar_angels_and_demons
D:2:      layout_basic, uniq_sigmund

Skill      XL: |  1  2  3 |
---------------+----------+-----
Fire Magic     | 4 5 |  5.6
Dodging        | |  2.4
Stealth        | |  2.4
Spellcasting   | |  3.0
Conjurations   | |  1.1

Action                     |  1- 3 |  4- 6 || total
---------------------------+-------+-------++-------
   Cast: Foxfire           |   110 |    25 ||   135
 Armour: Robe              |     6 |     6 ||    12
  Dodge: Dodged            |     1 |     1 ||     2
